AoeStats
← CausedManx1126

Migration

504334075Analyzed
1v1 RM · 29d ago on Sep 4, 2026· 34m 2s· 2 players
Game mode
Random Map
Map size
132×132
Population
200
Speed
Normal
Resources
Standard
Victory
Conquest
Starting age
Dark Age
Ending age
Imperial Age
RankedLock teamsTeams togetherTeam positionsShared explorationLock speedFull tech treeHidden civsTurbo modeCheats
Victory
Defeat
🇬🇧 Vikings · United Kingdom
765
+17
🇺🇾 Romans · Uruguay
778
-17
CausedManx1126
9:20 Loom
11:23 Feudal Age
12:08 Double-Bit Axe
12:06 Horse Collar
18:08 Castle Age
20:16 Bow Saw
20:12 Heavy Plow
29:07 Forging
28:58 Scale Mail Armor
32:02 Iron Casting
31:30 Gold Mining
32:46 Chain Mail Armor
Opio
8:33 Loom
11:35 Feudal Age
12:00 Double-Bit Axe
17:20 Castle Age
16:28 Fletching
16:51 Horse Collar
17:06 Gold Mining
18:28 Man-at-Arms
20:31 Wheelbarrow
19:28 Long Swordsman
23:14 Hand Cart
Connection lost

Rejoining the realm…

Still unreachable

The connection could not be restored.

Session expired

The server has moved on; the page needs a fresh start.